 Dungeon Crawl Stone Soup version 0.31-a0-765-g67fe2935dc (webtiles) character file.

Game seed: 7153557641557275008

25386 Demosthentine the Fighter (level 12, -6/89 HPs)
             Began as a Demonspawn Gladiator on Sept 15, 2023.
             Was a High Priest of Hepliaklqana.
             Engulfed by an ice statue's freezing vapour (9 damage)
             ... in an ice cave.
             The game lasted 00:19:53 (13202 turns).

Demosthentine the Fighter (Demonspawn Gladiator)   Turns: 13202, Time: 00:19:54

Health: -6/89      AC: 15    Str: 17    XL:     12   Next: 89%
Magic:  18/18      EV: 20    Int:  9    God:    Hepliaklqana [*****.]
Gold:   1131       SH: 12    Dex: 24    Spells: 11/11 levels left

rFire   + . .        A - +3 trident (freeze)
rCold   + . .        w - +0 buckler
rNeg    . . .        K - +0 leather armour {rC+ rF+}
rPois   .            c - +1 helmet
rElec   .            (cloak unavailable)
rCorr   .            i - +2 pair of gloves
SInv    .            E - +2 pair of boots
Will    .....        l - amulet of reflection
Stlth   ++           g - +6 ring of dexterity
HPRegen 0.34/turn    (no ring)
MPRegen 0.16/turn

%: reflection
@: no status effects
A: reduced essence, molten scales 2, powered by death 1, weakness stinger 3
a: Renounce Religion, Recall Ancestor, Ancestor Identity, Transference, Idealise


You were in an ice cave.
You worshipped Hepliaklqana.
Hepliaklqana was extremely pleased with you.
You visited 2 branches of the dungeon, and saw 14 of its levels.
You also visited: Ice Cave.

You collected 1858 gold pieces.
You spent 727 gold pieces at shops.

Inventory:

Hand Weapons
 z - a +2 trident of venom
 A - a +3 trident of freezing (weapon)
Missiles
 e - 3 javelins
Armour
 c - a +1 helmet (worn)
 i - a +2 pair of gloves (worn)
 s - a +0 troll leather armour
 w - a +0 buckler (worn)
 E - a +2 pair of boots (worn)
 K - a +0 leather armour of resistance (worn)
Jewellery
 b - a ring of ice
 g - a +6 ring of dexterity (left hand)
 l - an amulet of reflection (around neck)
 F - a ring of magical power
 H - a +6 ring of intelligence
 I - a +5 ring of evasion
 J - a ring of see invisible
Wands
 o - a wand of light (6)
 u - a wand of iceblast (12)
 x - a wand of flame (23)
 B - a wand of charming (10)
 G - a wand of mindburst (8)
Scrolls
 a - 2 scrolls of blinking
 f - 10 scrolls of teleportation
 k - 4 scrolls of noise
 m - a scroll of enchant armour
 r - a scroll of poison
 t - 2 scrolls of enchant weapon
 v - a scroll of fog
 y - 3 scrolls of fear
 C - a scroll of amnesia
Potions
 d - a potion of invisibility {unknown}
 h - 6 potions of mutation
 j - 4 potions of curing
 n - a potion of berserk rage
 p - a potion of haste
 q - 2 potions of enlightenment
 D - 4 potions of lignification {unknown}


   Skills:
 + Level 10.8 Fighting
 + Level 10.1 Polearms
 - Level 1.7 Throwing
 - Level 7.0 Armour
 + Level 10.1 Dodging
 + Level 6.3 Shields
 + Level 9.2 Invocations


You had 11 spell levels left.
You didn't know any spells.
Your spell library contained the following spells:

 Spells                   Type           Power      Damage    Failure   Level
 Necrotise                Necr           0%         1d4       52%         1
 Lesser Beckoning         Tloc           0%         N/A       65%         2
 Gell's Gravitas          Tloc           0%         N/A       87%         3
 Teleport Other           Tloc           0%         N/A       87%         3
 Vampiric Draining        Necr           0%         2d6       87%         3
 Summon Lightning Spire   Summ/Air       0%         N/A       99%         4
 Vhi's Electric Charge    Tloc/Air       0%         N/A       99%         4
 Agony                    Necr           0%         N/A       100%        5
 Arcjolt                  Conj/Air       0%         1d10      100%        5
 Silence                  Hex/Air        0%         N/A       100%        5
 Plasma Beam              Fire/Air       0%         2x1d10    100%        6
 Maxwell's Capacitive Co  Air            0%         ∞         100%        8
 Chain Lightning          Conj/Air       0%         N/A       100%        9
 Fire Storm               Conj/Fire      0%         5d1       100%        9
 Shatter                  Erth           0%         3d5*      100%        9


Dungeon Overview and Level Annotations

Branches:
Dungeon (13/15)            Temple (1/1) D:5            Lair (0/5) D:10
    Orc (0/2) D:12          IceCv (1/1)
 Vaults: D:13-14

Altars:
Ashenzari
Cheibriados
Dithmenos
Fedhas
Gozag
Hepliaklqana
Kikubaaqudgha
Makhleb
Nemelex Xobeh
Okawaru
Qazlal
Ru
Sif Muna
Trog
Uskayaw
Vehumet
Wu Jian
Xom
Yredelemnul

Shops:
D:4 ?   D:8 [

Annotations:
D:12 3 runed translucent doors, Wurlitzer's ghost, journeyman DEFE
Temple 2 transporters IceCv exclusion: ice statue


Innate Abilities, Weirdness & Mutations

Your life essence is reduced to manifest your ancestor. (-10% HP)
You are mostly covered in molten scales. (AC +3)
You regenerate a little health from kills.
You have a sharp stinger which inflicts weakening toxins.


Message History

You hit the ice statue but do no damage.
The ice statue is heavily damaged.
You are engulfed in freezing vapours.
You resist. You block the ice beast's attack.
Unknown command.
You hit the ice statue.
The ice statue is severely damaged.
You are engulfed in freezing vapours.
You resist. You block the ice beast's attack. The ice statue gestures at you.
The freezing blast engulfs you! You resist.
* * * LOW HITPOINT WARNING * * *
The ice beast misses you.
You puncture the ice statue!
You tail-slap the ice statue, but do no damage.
The ice statue is severely damaged.
You are engulfed in freezing vapours.
You resist.
* * * LOW HITPOINT WARNING * * *
The ice beast misses you. The ice beast barely misses you.
Unknown command.
You hit the ice statue but do no damage.
The ice statue is severely damaged.
You are engulfed in freezing vapours.
You resist.
* * * LOW HITPOINT WARNING * * *
The ice beast hits you but does no damage.
The ice beast completely misses you. You block the ice beast's attack.
Unknown command.
You puncture the ice statue!
The ice statue is almost destroyed.
You are engulfed in freezing vapours.
You resist.
* * * LOW HITPOINT WARNING * * *
The ice beast completely misses you. The ice statue gestures at you.
The freezing blast misses you. The ice beast misses you.
You block the ice beast's attack.
You completely miss the ice statue.
You tail-slap the ice statue, but do no damage.
The ice statue is almost destroyed.
You are engulfed in freezing vapours.
You resist.
You die...

##.......# ##.# ####
#........## #..# ##..######
##........###.## #....##..##
###.........##..#
..........###..............##
.∩.∩.......#..............##
......°##....##○°○☼......##
#....#####..####Y§☼......#
##..## #### #8@.°.....## ####
##YY......# ##§☼....##
##....## ##..## ####


You could see an ice statue and 3 ice beasts.

Vanquished Creatures
  Azrael (D:12)
  A white draconian (IceCv)
  A tengu warrior (D:13)
  4 two-headed ogres
  Amaemon (D:9)
  A deep elf zephyrmancer (D:12)
  A deep elf pyromancer (D:12)
  A cyclops (D:12)
  An ice statue (IceCv)
  An orange demon (D:9)
  Psyche (D:9)
  4 rime drakes (IceCv)
  4 komodo dragons
  3 kobold demonologists
  4 trolls
  2 wraiths
  3 slime creatures (D:11)
  8 yaks
  3 wyverns
  2 fire elementals (D:12)
  A basilisk (D:12)
  A steam dragon (D:10)
  3 vampire mosquitoes
  2 hell hounds (D:12)
  An acid dragon (D:12)
  2 black bears
  A sky beast (D:6)
  3 orc warriors
  2 ice beasts
  5 ogres
  3 centaurs
  4 kobold brigands
  3 bullfrogs
  3 necrophages (D:4)
  4 scorpions
  8 wights
  9 killer bees (D:9)
  3 lindwurm simulacra (IceCv)
  2 howler monkeys
  6 komodo dragon simulacra (IceCv)
  7 orc priests
  4 hounds
  3 gnoll boudas
  A sleepcap (D:7)
  A scorpion zombie (D:4)
  A hexer (D:10)
  3 iguanas
  8 orc wizards
  A hound zombie (D:4)
  Robin (D:3)
  21 gnolls
  5 acid dragon simulacra (IceCv)
  5 adders
  2 shadow imps
  2 white imps
  An ufetubus (D:4)
  5 steam dragon simulacra (IceCv)
  A dart slug (D:1)
  24 orcs
  A ball python (D:2)
  5 bats
  8 endoplasms
  2 giant cockroaches (D:1)
  10 hobgoblins
  5 jackals
  21 kobolds
  4 quokkas
  2 frilled lizards
  15 goblins
  4 rats (D:2)
286 creatures vanquished.

Vanquished Creatures (collateral kills)
  2 two-headed ogres
  A boulder beetle (D:13)
  A deep elf zephyrmancer (D:12)
  An ugly thing (D:11)
  An unseen horror (D:12)
  A komodo dragon (D:10)
  A hornet (D:8)
  A shadow (D:11)
  3 yaks
  A wyvern (D:10)
  3 vampire mosquitoes
  An acid dragon (D:10)
  A water moccasin (D:7)
  A black bear (D:8)
  2 orc warriors
  A swamp drake (D:10)
  An ogre (D:6)
  3 centaurs
  3 kobold brigands
  A necrophage (D:4)
  2 gnoll sergeants
  2 wights (D:9)
  2 killer bees (D:9)
  A howler monkey (D:9)
  2 jellies (D:6)
  5 orc priests
  2 hounds
  2 gnoll boudas (D:8)
  An iguana (D:5)
  3 orc wizards
  10 gnolls
  An acid dragon simulacrum (IceCv)
  An adder (D:6)
  A steam dragon simulacrum (IceCv)
  5 orcs
  2 jackals (D:4)
  A kobold (D:10)
73 creatures vanquished.

Vanquished Creatures (others)
  An orc wizard (D:5)
  12 hexers
  A gnoll (D:9)
14 creatures vanquished.

Grand Total: 373 creatures vanquished

Notes
Turn   | Place    | Note
-------+----------+-------------------------------------------
     0 | D:1      | Demosthentine the Demonspawn Gladiator began the quest for
                  | the Orb.
     0 | D:1      | Reached XP level 1. HP: 16/16 MP: 1/1
    79 | D:1      | Gained mutation: You are partially covered in molten
                  | scales. (AC +2) [demonic ancestry]
    79 | D:1      | Reached XP level 2. HP: 20/22 MP: 2/2
   192 | D:1      | You fall into a shaft and drop 1 floor!
   417 | D:1      | Reached skill level 1 in Armour
   767 | D:1      | Reached XP level 3. HP: 26/28 MP: 3/3
   791 | D:1      | Found a faded altar of an unknown god.
  1545 | D:3      | Found a hide-covered altar of Uskayaw.
  1545 | D:3      | Found a hazy altar of Hepliaklqana.
  1545 | D:3      | Found a burning altar of Makhleb.
  1548 | D:3      | Noticed Robin
  1572 | D:3      | Reached XP level 4. HP: 25/34 MP: 4/4
  1709 | D:3      | Killed Robin
  1719 | D:3      | Became a worshipper of Hepliaklqana the Forgotten
  1959 | D:3      | Gained mutation: You have a small tail. [demonic ancestry]
  1959 | D:3      | Reached XP level 5. HP: 35/41 MP: 5/5
  2209 | D:3      | Found an ornate altar of the Wu Jian Council.
  2256 | D:3      | Got the Volume of the Tempest
  2490 | D:3      | Found a sparkling altar of Nemelex Xobeh.
  2563 | D:3      | Reached * piety under Hepliaklqana
  2718 | D:4      | Found a blossoming altar of Fedhas.
  2776 | D:4      | Found Giuniyck's Magic Scroll Shoppe.
  2787 | D:4      | Bought a scroll of teleportation for 36 gold pieces
  3055 | D:4      | Found a broken altar of Ashenzari.
  3446 | D:4      | Reached XP level 6. HP: 43/43 MP: 6/6
  3482 | D:4      | Gained mutation: You have a tail ending in a sharp stinger.
                  | [demonic ancestry]
  3482 | D:4      | Reached XP level 7. HP: 48/48 MP: 7/7
  3715 | D:5      | Entered Level 5 of the Dungeon
  4195 | D:5      | Reached skill level 5 in Fighting
  4195 | D:5      | Reached skill level 5 in Polearms
  4195 | D:5      | Reached skill level 5 in Dodging
  4195 | D:5      | Gained mutation: You have a sharp stinger which inflicts
                  | weakening toxins. [demonic ancestry]
  4195 | D:5      | Reached XP level 8. HP: 47/55 MP: 8/8
  4396 | D:5      | Found a staircase to the Ecumenical Temple.
  4671 | Temple   | Found a transporter.
  4671 | Temple   | Found a transporter.
  4671 | Temple   | Found a transporter.
  4671 | Temple   | Found a transporter.
  4671 | Temple   | Entered the Ecumenical Temple
  4772 | D:6      | Reached ** piety under Hepliaklqana
  4773 | D:6      | Remembered your ancestor Servius as a hexer
  5155 | D:6      | Found an ancient bone altar of Kikubaaqudgha.
  5391 | D:6      | Reached skill level 5 in Armour
  5702 | D:6      | Reached XP level 9. HP: 62/62 MP: 9/9
  5950 | D:7      | Found an opulent altar of Gozag.
  6153 | D:7      | Found a stormy altar of Qazlal.
  6157 | D:7      | Reached *** piety under Hepliaklqana
  6739 | D:8      | Found Izomuj's Armour Shoppe.
  6742 | D:8      | Bought a +0 buckler for 67 gold pieces
  7360 | D:8      | Noticed a two-headed ogre
  7368 | D:8      | Killed a two-headed ogre
  7369 | D:8      | Gained mutation: You are mostly covered in molten scales.
                  | (AC +3) [demonic ancestry]
  7369 | D:8      | Reached XP level 10. HP: 71/71 MP: 10/10
  7443 | D:8      | Found a bloodstained altar of Trog.
  7627 | D:8      | Found an iron altar of Okawaru.
  8614 | D:9      | Noticed a two-headed ogre
  8625 | D:9      | Reached skill level 1 in Invocations
  8628 | D:9      | Killed a two-headed ogre
  8629 | D:9      | Reached skill level 1 in Shields
  8742 | D:9      | Reached **** piety under Hepliaklqana
  8751 | D:9      | Noticed Psyche
  8754 | D:9      | Noticed Amaemon
  8755 | D:9      | Noticed an orange demon
  8768 | D:9      | Killed Amaemon
  8773 | D:9      | Killed Psyche
  8778 | D:9      | Killed an orange demon
  8779 | D:9      | Gained mutation: You regenerate a little health from kills.
                  | [demonic ancestry]
  8779 | D:9      | Reached XP level 11. HP: 53/78 MP: 13/13
  8972 | D:9      | Found a radiant altar of Vehumet.
  9346 | D:10     | Entered Level 10 of the Dungeon
  9468 | D:10     | Reached skill level 5 in Invocations
  9526 | D:10     | Found a staircase to the Lair.
 10611 | D:4      | Bought a scroll of acquirement for 624 gold pieces
 10611 | D:4      | Acquired 608 gold pieces
 10844 | D:11     | Noticed a two-headed ogre
 10849 | D:11     | Killed a two-headed ogre
 10902 | D:11     | Noticed a two-headed ogre
 10911 | D:11     | Killed a two-headed ogre
 11340 | D:11     | Noticed a two-headed ogre
 11347 | D:11     | Killed a two-headed ogre
 11348 | D:11     | Reached XP level 12. HP: 87/87 MP: 17/17
 11622 | D:12     | Noticed Azrael
 11636 | D:12     | Reached skill level 10 in Fighting
 11646 | D:12     | Reached skill level 5 in Shields
 11663 | D:12     | Killed Azrael
 11720 | D:12     | Noticed a fire giant
 11721 | D:12     | Noticed a boulder beetle
 11722 | D:12     | Noticed Wurlitzer's ghost (journeyman DEFE)
 11729 | D:12     | Found a runed translucent gate.
 11729 | D:12     | Found a runed translucent gate.
 11734 | D:12     | Noticed an ettin
 11738 | D:12     | Found a runed translucent gate.
 11980 | D:12     | Found a staircase to the Orcish Mines.
 11981 | D:12     | Reached ***** piety under Hepliaklqana
 12291 | D:12     | Noticed a two-headed ogre
 12297 | D:12     | Killed a two-headed ogre
 12487 | D:13     | Noticed a boulder beetle
 12499 | D:13     | Noticed a tengu warrior
 12505 | D:13     | Killed a boulder beetle
 12531 | D:13     | Killed a tengu warrior
 12560 | D:13     | Found a frozen archway.
 12578 | IceCv    | Entered an ice cave
 12616 | IceCv    | Reached skill level 10 in Polearms
 12662 | IceCv    | Reached skill level 10 in Dodging
 12903 | IceCv    | Noticed a white draconian
 12929 | IceCv    | Killed a white draconian
 13201 | IceCv    | HP: 3/89 [ice statue] (5)]
 13202 | IceCv    | Engulfed by an ice statue's freezing vapour

Illustrated notes

Levels and vault maps discovered:
D:1:      matt_arrival_spirals, layout_rooms, dilly_ecumenical_altar_fadedgnrine
D:2:      kb_forest_paths, layout_basic
D:3:      layout_basic, mainiacjoe_overflow_six_doors_small,
          nemelex_altar_shiori, grunt_temple_overflow_open, uniq_robin
D:4:      layout_loops_ring, fedhas_altar_decomposition,
          mainiacjoe_overflow_brackets, serial_shops, shop, chequers_big_river
D:5:      layout_loops_ring, temple_green
D:6:      minmay_skewed_foursquare, layout_loops_corners,
          mainiacjoe_overflow_paths, chequers_serial_rivers_micro_d,
          st_stairs_13
D:7:      layout_basic, lemuel_round_altar, nicolae_gozag_seed_capital,
          minivault_4, nicolae_zen_rock_garden
D:8:      kennysheep_seaside_town, layout_rooms, lightli_temple_of_fire,
          okawaru_altar_gauntlet_db, nicolae_stop_n_shop_2, grunt_ministairs_10,
          dreamdust_gnoll_shepherd
D:9:      layout_roguey, fiery_altar_vehumet, uniq_amaemon, uniq_psyche
D:10:     layout_stronghold, erik_lair_dragon, minivault_16
D:11:     layout_basic
D:12:     layout_long_grid, minmay_orc_entry_temple_small,
          gammafunk_ghost_split, billiards_dpeg, uniq_azrael
D:13:     layout_stronghold, skrybe_vaults_entry_preservation,
          portal_ice_cave_entry_pillars_1, corner_web_ring, uniq_rupert
Temple:   hellmonk_temple_divided_pantheon
IceCv:    ice_cave_small_dragons

Skill      XL: |  1  2  3  4  5  6  7  8  9 10 11 12 |
---------------+-------------------------------------+-----
Polearms       | 3 4 5 6 7 8 9 10 | 10.1
Dodging        | 3 4 5 6 7 8 9 10 | 10.1
Armour         | 1 2 3 4 5 6 7 |  7.0
Fighting       | 3 4 5 6 7 8 9 10 | 10.8
Invocations    | 3 7 9 |  9.2
Shields        | 2 4 6 |  6.3
Throwing       | |  1.7

Action                     |  1- 3 |  4- 6 |  7- 9 | 10-12 || total
---------------------------+-------+-------+-------+-------++-------
  Melee: Trident           |   101 |   184 |   314 |   791 ||  1390
         Punch             |     1 |     3 |     5 |     4 ||    13
         Tailslap          |       |    19 |    44 |   121 ||   184
  Throw: Throwing net      |       |       |     2 |     5 ||     7
 Invoke: Ancestor Life: He |       |       |     1 |       ||     1
         Recall Ancestor   |       |       |     1 |       ||     1
    Use: Scroll            |     5 |     4 |     3 |     5 ||    17
         Potion            |     3 |     1 |     2 |     8 ||    14
   Stab: Sleeping          |     1 |     2 |     5 |     5 ||    13
         Distracted        |       |     1 |     4 |    18 ||    23
         Confused          |       |       |     7 |    23 ||    30
         Held in net/web   |       |       |     2 |     3 ||     5
 Armour: Leather armour    |    50 |    51 |   117 |    62 ||   280
         Troll leather arm |       |       |       |   156 ||   156
  Dodge: Dodged            |    60 |    76 |   138 |   329 ||   603
  Block: Other             |       |    11 |    41 |    58 ||   110
         Reflection        |       |       |     1 |     8 ||     9
         Buckler           |       |       |       |   142 ||   142

Table legend: (Time is in decaauts)
 A = Elapsed time spent in this place.
 B = Non-inter-level travel time spent in this place.
 C = Inter-level travel time spent in this place.
 D = Time resting spent in this place.
 E = Time spent auto-exploring this place.
 F = Levels seen in this place.
 G = Mean time per level.
                   A        B        C        D        E       F      G
               +--------+--------+--------+--------+--------+-----+--------+
         Total |  13154 |  12461 |    693 |    229 |   9614 |  15 |  876.9 |
       Dungeon |  12524 |  11832 |    692 |    176 |   9366 |  13 |  963.4 |
        Temple |     39 |     39 |      0 |     29 |      0 |   1 |   39.0 |
      Ice Cave |    590 |    590 |      0 |     24 |    248 |   1 |  590.0 |
               +--------+--------+--------+--------+--------+-----+--------+

Top non-repeatable levels by time:
     D:8: 1810 daAuts
     D:6: 1239 daAuts
     D:4: 1183 daAuts
    D:10: 1141 daAuts
     D:5: 1013 daAuts
     D:2: 976 daAuts
     D:3: 968 daAuts
    D:11: 889 daAuts
     D:7: 878 daAuts
     D:9: 840 daAuts
    D:12: 816 daAuts
     D:1: 680 daAuts
   IceCv: 590 daAuts
    D:13: 84 daAuts
  Temple: 39 daAuts
